 Dungeon Crawl Stone Soup version 0.23-a0-49-gd9f7a49 (webtiles) character file.

1257 Buxus the Covered (level 8, 0/60 HPs)
             Began as a Gnoll Wanderer on Aug 8, 2018.
             Was an Initiate of Gozag.
             Slain by a wraith (8 damage)
             ... on level 6 of the Dungeon.
             The game lasted 00:13:47 (8899 turns).

Buxus the Covered (Gnoll Wanderer)                  Turns: 8899, Time: 00:13:47

Health: 0/60       AC: 11    Str: 16    XL:     8   Next: 51%
Magic:  12/12      EV: 13    Int: 16    God:    Gozag
Gold:   203        SH:  0    Dex: 14    Spells: 11/13 levels left

rFire    + . .     SeeInvis .   o - +1 whip (slash)
rCold    . . .     Gourm    .   (no shield)
rNeg     + . .     Faith    .   k - +1 ring mail
rPois    .         Spirit   .   (no helmet)
rElec    .         Reflect  .   z - +2 cloak
rCorr    .         Harm     .   (no gloves)
MR       .....                  (no boots)
Stlth    +++.......             i - amulet of magic regeneration
HPRegen  0.20/turn              j - ring of protection from fire
MPRegen  0.38/turn              r - ring of positive energy

@: slowed, very slow
A: distributed training, fangs 1, strong nose
a: Potion Petition, Call Merchant, Bribe Branch, Renounce Religion


You were on level 6 of the Dungeon.
You worshipped Gozag.
Gozag was aware of your devotion.
You were hungry.

You visited 2 branches of the dungeon, and saw 7 of its levels.

You collected 295 gold pieces.
You paid 92 gold pieces to Gozag.

Inventory:

Hand Weapons
 b - a +2 blowgun
 c - a +0 quarterstaff
 d - a +0 hand crossbow
 g - a +0 dagger
 o - a +1 whip of slashing (weapon)
 w - a +2 vampiric halberd
 C - a +0 vampiric spear
 G - a cursed -1 shortbow
Missiles
 a - 8 curare-tipped needles
 e - 46 bolts
 y - 14 poisoned needles
Armour
 f - a +0 robe
 k - a +1 ring mail (worn)
 x - a +0 buckler
 z - a +2 cloak (worn)
Jewellery
 i - an amulet of magic regeneration (around neck)
 j - a ring of protection from fire (left hand)
 r - a ring of positive energy (right hand)
Wands
 E - a wand of acid (8)
Scrolls
 s - a scroll of amnesia
 u - 3 scrolls of remove curse
 v - 2 scrolls of teleportation
 B - 2 scrolls of identify
 D - a scroll of enchant weapon
 F - a scroll of blinking
Potions
 l - a potion of degeneration
 m - a potion of invisibility
 n - a potion of lignification
 p - a potion of curing
 q - 2 potions of berserk rage
 t - 2 potions of heal wounds {unknown}
Comestibles
 h - 8 rations


   Skills:
 + Level 4.2 Fighting
 + Level 3.2 Short Blades
 + Level 3.2 Long Blades
 + Level 3.2 Axes
 + Level 3.2 Maces & Flails
 + Level 3.2 Polearms
 + Level 3.2 Staves
 + Level 3.2 Slings
 + Level 3.2 Bows
 + Level 4.2 Crossbows
 + Level 4.2 Throwing
 + Level 7.4 Armour
 + Level 4.2 Dodging
 + Level 6.9 Stealth
 + Level 3.2 Shields
 + Level 3.2 Unarmed Combat
 + Level 3.2 Spellcasting
 + Level 2.6 Conjurations
 + Level 2.6 Hexes
 + Level 2.6 Charms
 + Level 2.6 Summonings
 + Level 2.6 Necromancy
 + Level 2.6 Translocations
 + Level 2.6 Transmutations
 + Level 2.6 Fire Magic
 + Level 2.6 Ice Magic
 + Level 2.6 Air Magic
 + Level 2.6 Earth Magic
 + Level 2.6 Poison Magic
 + Level 3.6 Invocations
 + Level 3.2 Evocations


You had 11 spell levels left.
You knew the following spells:

 Your Spells              Type           Power        Failure   Level  Hunger
a - Confusing Touch       Hex            ##....       11%         1    None
b - Infusion              Chrm           ##..         11%         1    None

Your spell library contained the following spells:

 Spells                   Type           Power        Failure   Level  Hunger
 Confuse                  Hex            ##......     32%         3    ###....
 Metabolic Englaciation   Hex/Ice        ##........   96%         5    ######.
 Petrify                  Tmut/Erth      ##......     71%         4    ####...
 Gell's Gravitas          Tloc           ##........   32%         3    ###....
 Yara's Violent Unravell  Hex/Tmut       ##........   96%         5    ######.


Dungeon Overview and Level Annotations

Branches:
Dungeon (6/15)             Temple (1/1) D:6

Altars:
Ashenzari
Cheibriados
Dithmenos
Elyvilon
Fedhas
Gozag
Hepliaklqana
Kikubaaqudgha
Nemelex Xobeh
Okawaru
Sif Muna
Trog
Uskayaw
Vehumet
Wu Jian
Xom
Yredelemnul
Zin
The Shining One

Annotations:
D:3 3 runed doors, narcow's ghost, weakling DECj


Innate Abilities, Weirdness & Mutations

Your experience applies equally to all skills.
You have very sharp teeth.
Your uncanny sense of smell can sniff out nearby items.


Message History

The wraith drains your vigour!
You feel as though you will be slow longer.
You closely miss the wraith.
The wraith is severely damaged.
The wraith closely misses you.
You hit the wraith but do no damage.
The wraith is severely damaged.
The wraith hits you but does no damage. The wraith closely misses you.
You barely miss the wraith.
The wraith is severely damaged.
The wraith misses you.
You hit the wraith but do no damage. You bite the wraith, but do no damage.
The wraith is severely damaged.
The wraith hits you.
* * * LOW HITPOINT WARNING * * *
You hit the wraith but do no damage. Your bite misses the wraith.
The wraith is severely damaged.
The wraith hits you!
You die...
Your body crumbles into a pile of gold.

#.# #.###.###
#.......#
#####.#.# #+##
.#######.#.#
#...#
...<.....#.#
#.....
#######.##.#
#......
##...#.##.......
#.......@.......
#......##W......
#.#.#### #......
#.### #..#####
#.# ###PPP## #.#
#######P...P#
#.#
#.....'..>.P#
#.#
#.#####P...P#
#.# #.#
#.##PPP##


You could see a wraith.

Vanquished Creatures
  A sky beast (D:5)
  An ogre (D:6)
  2 centaurs
  3 vampire bats (D:5)
  2 howler monkeys
  A bullfrog zombie (D:6)
  A jelly (D:6)
  2 hounds
  3 orc priests
  A centaur skeleton (D:6)
  Jessica (D:3)
  2 iguanas (D:6)
  4 orc wizards
  3 worker ants
  A hound skeleton (D:5)
  4 gnolls (D:3)
  6 adders
  2 shadow imps (D:5)
  An ooze (D:4)
  An adder zombie (D:6)
  A worm (D:3)
  3 leopard geckos
  17 orcs
  3 ball pythons
  4 bat skeletons (D:5)
  A bat zombie (D:5)
  5 giant cockroaches
  3 goblins
  4 hobgoblins
  2 jackals (D:6)
  4 quokkas
  8 bats
  5 frilled lizards
  10 kobolds
  A leopard gecko zombie (D:5)
  7 rats
120 creatures vanquished.

Notes
Turn   | Place    | Note
-------+----------+-------------------------------------------
     0 | D:1      | Buxus the Gnoll Wanderer began the quest for the Orb.
     0 | D:1      | Buxus set off with: 2 curare-tipped needles, a +2 blowgun, a +0 quarterstaff, a +0 hand crossbow, 28 bolts, a +0 robe, a +0 dagger, a ration
     0 | D:1      | Reached XP level 1. HP: 17/17 MP: 1/1
   324 | D:1      | Reached XP level 2. HP: 23/23 MP: 2/2
   773 | D:2      | Learned a level 1 spell: Confusing Touch
   805 | D:2      | Reached XP level 3. HP: 26/28 MP: 3/3
  1367 | D:2      | Found a shattered altar of Ashenzari.
  1369 | D:2      | Reached skill level 1 in Invocations
  1731 | D:3      | Reached skill level 1 in Short Blades
  1731 | D:3      | Reached skill level 1 in Long Blades
  1731 | D:3      | Reached skill level 1 in Axes
  1731 | D:3      | Reached skill level 1 in Maces & Flails
  1731 | D:3      | Reached skill level 1 in Polearms
  1731 | D:3      | Reached skill level 1 in Staves
  1731 | D:3      | Reached skill level 1 in Slings
  1731 | D:3      | Reached skill level 1 in Bows
  1731 | D:3      | Reached skill level 1 in Shields
  1731 | D:3      | Reached skill level 1 in Unarmed Combat
  1731 | D:3      | Reached skill level 1 in Spellcasting
  1731 | D:3      | Reached skill level 1 in Evocations
  1739 | D:3      | HP: 1/28 [something (3)]
  1742 | D:3      | Reached XP level 4. HP: 11/34 MP: 5/5
  2478 | D:3      | Found a runed gate.
  2479 | D:3      | Found a runed gate.
  2479 | D:3      | Found a runed gate.
  2535 | D:3      | Noticed narcow's ghost (weakling DECj)
  2591 | D:3      | Noticed Jessica
  2624 | D:3      | Reached skill level 1 in Conjurations
  2624 | D:3      | Reached skill level 1 in Hexes
  2624 | D:3      | Reached skill level 1 in Charms
  2624 | D:3      | Reached skill level 1 in Summonings
  2624 | D:3      | Reached skill level 1 in Necromancy
  2624 | D:3      | Reached skill level 1 in Translocations
  2624 | D:3      | Reached skill level 1 in Transmutations
  2624 | D:3      | Reached skill level 1 in Fire Magic
  2624 | D:3      | Reached skill level 1 in Ice Magic
  2624 | D:3      | Reached skill level 1 in Air Magic
  2624 | D:3      | Reached skill level 1 in Earth Magic
  2624 | D:3      | Reached skill level 1 in Poison Magic
  2824 | D:3      | Reached XP level 5. HP: 32/40 MP: 6/6
  3064 | D:3      | Identified Jessica's Almanac of Augmentations
  3068 | D:3      | Learned a level 1 spell: Infusion
  3167 | D:3      | Killed Jessica
  3562 | D:3      | Found a shadowy altar of Dithmenos.
  3747 | D:4      | Found a blossoming altar of Fedhas.
  3748 | D:4      | Noticed a centaur
  3978 | D:4      | Killed a centaur
  3978 | D:4      | Reached XP level 6. HP: 22/47 MP: 8/8
  5766 | D:4      | Reached XP level 7. HP: 41/52 MP: 10/10
  6060 | D:5      | Entered Level 5 of the Dungeon
  6192 | D:4      | Reached skill level 7 in Armour
  6485 | D:5      | Found a blossoming altar of Fedhas.
  6556 | D:5      | Found an ancient bone altar of Kikubaaqudgha.
  7811 | D:6      | Reached XP level 8. HP: 50/60 MP: 12/12
  8592 | D:6      | Found a staircase to the Ecumenical Temple.
  8644 | Temple   | Entered the Ecumenical Temple
  8691 | Temple   | Became a worshipper of Gozag Ym Sagoz the Greedy
  8858 | D:6      | Noticed a wraith
  8899 | D:6      | Slain by a wraith

Vault maps used:
D:1:      wheals_arrival_linesprint, hangedman_feature_mirror
D:2:      marbit_many_paths
D:3:      nicolae_dithmenos_through_a_glass_darkly, first_ration,
          gammafunk_ghost_necromancy, kennysheep_jessica_study
D:4:      minmay_statues_item, fedhas_bush_and_centaur_altar
D:5:      lemuel_doored_altar, kennysheep_vampire_church
D:6:      minmay_temple_entry_enclosed_plants
Temple:   bh_familiar_temple

Skill      XL: |  1  2  3  4  5  6  7  8 |
---------------+-------------------------+-----
Stealth        | 6 |  6.9
Invocations    | 1 2 3 |  3.6
Short Blades   | 1 2 3 |  3.2
Long Blades    | 1 2 3 |  3.2
Axes           | 1 2 3 |  3.2
Maces & Flails | 1 2 3 |  3.2
Polearms       | 1 2 3 |  3.2
Staves         | 1 2 3 |  3.2
Slings         | 1 2 3 |  3.2
Bows           | 1 2 3 |  3.2
Shields        | 1 2 3 |  3.2
Unarmed Combat | 1 2 3 |  3.2
Spellcasting   | 1 2 3 |  3.2
Evocations     | 1 2 3 |  3.2
Conjurations   | 1 2 |  2.6
Hexes          | 1 2 |  2.6
Charms         | 1 2 |  2.6
Summonings     | 1 2 |  2.6
Necromancy     | 1 2 |  2.6
Translocations | 1 2 |  2.6
Transmutations | 1 2 |  2.6
Fire Magic     | 1 2 |  2.6
Ice Magic      | 1 2 |  2.6
Air Magic      | 1 2 |  2.6
Earth Magic    | 1 2 |  2.6
Poison Magic   | 1 2 |  2.6
Fighting       | 3 4 |  4.2
Crossbows      | 3 4 |  4.2
Throwing       | 3 4 |  4.2
Dodging        | 3 4 |  4.2
Armour         | 7 |  7.4

Action                   |  1- 3 |  4- 6 |  7- 9 || total
-------------------------+-------+-------+-------++-------
Melee: Quarterstaff      |   100 |    14 |       ||   114
       Bite              |     7 |    22 |    34 ||    63
       Whip              |       |   200 |   314 ||   514
       Punch             |       |     1 |     5 ||     6
 Cast: Confusing Touch   |     1 |       |       ||     1
       Infusion          |       |     3 |     8 ||    11
Invok: Potion Petition   |       |       |     1 ||     1
Evoke: Wand              |       |       |     1 ||     1
  Use: Scroll            |     7 |     6 |     4 ||    17
       Potion            |     1 |     1 |       ||     2
 Stab: Sleeping          |    10 |     3 |     4 ||    17
       Distracted        |     1 |       |       ||     1
  Eat: Chunk             |     3 |     6 |     6 ||    15
       Ration            |       |     2 |     1 ||     3
Armor: Robe              |     6 |       |       ||     6
       Ring mail         |    27 |    50 |   157 ||   234
       Skin              |       |     7 |       ||     7
Dodge: Dodged            |    60 |   124 |   241 ||   425
Block: Buckler           |       |     1 |       ||     1

Table legend:
 A = Spawn XP
 B = Non-spawn XP
 C = Spawn XP percentage of total XP
 D = Spawn monster count
 E = Non-spawn monster count
 F = Spawn count percentage of total count
 G = Total turns spent on level
                    A         B        C        D         E        F      G
               +---------+---------+-------+---------+---------+-------+---------
         Total |       0 |    1796 |   0.0 |       0 |     120 |   0.0 |  8899
               +---------+---------+-------+---------+---------+-------+---------
           D:1 |       0 |      28 |   0.0 |       0 |      17 |   0.0 |   754
           D:2 |       0 |      29 |   0.0 |       0 |      14 |   0.0 |   790
           D:3 |       0 |     198 |   0.0 |       0 |      30 |   0.0 |  2361
           D:4 |       0 |     476 |   0.0 |       0 |      19 |   0.0 |  2400
           D:5 |       0 |     460 |   0.0 |       0 |      21 |   0.0 |  1496
           D:6 |       0 |     605 |   0.0 |       0 |      19 |   0.0 |   960
               +---------+---------+-------+---------+---------+-------+---------
